[Event "FIDE Women World Blitz 2021"]
[Site "Warsaw"]
[Date "2021.12.29"]
[Round "8.38"]
[White "Sliwicka, Alicja"]
[Black "Jarocka, Liwia"]
[Result "1-0"]
[ECO "C47"]
[WhiteElo "2303"]
[BlackElo "1851"]
[Annotator "NA"]
[PlyCount "133"]
[EventDate "2021.12.29"]
[EventType "swiss"]
[EventCountry "POL"]
[Tiebreak "Cut1 Buchholz"]
[SourceTitle "playchess.com"]
[Source "ChessBase"]
[SourceQuality "1"]
[TimeControl "180+2"]

1. e4 e5 2. Nf3 Nc6 3. Nc3 Nf6 4. a3 d5 5. Bb5 Nxe4 6. Qe2 Nxc3 7. Qxe5+ Qe7 8. dxc3 Bd7 9. Qxe7+ Bxe7 10. Bf4 O-O-O 11. O-O-O Bg4 12. Rd3 Bxf3 13. Rxf3 Bf6 14. Re1 Ne7 15. Bd3 Ng6 16. Bf5+ Kb8 17. Bg3 Rhe8 18. Kd1 Rxe1+ 19. Kxe1 b6 20. Rd3 Kb7 21. Bg4 c6 22. f4 Bh4 23. Kf2 Bxg3+ 24. hxg3 Re8 25. Re3 Rxe3 26. Kxe3 Kc7 27. b3 Kd6 28. Kd3 c5 29. c4 d4 30. c3 dxc3 31. Kxc3 Ne7 32. Kd3 Nc6 33. Bd1 h6 34. g4 g5 35. g3 Nd4 36. b4 Ne6 37. Ke4 Ng7 38.
b5 Ke6 39. a4 Kd6 40. Bc2 Ke6 41. Ke3 Kd6 42. Be4 Ne6 43. Bd5 Nd4 44. Bxf7 Nc2+ 45. Kd3 Nb4+ 46. Ke4 Na2 47. Kd3 Nb4+ 48. Kd2 Ke7 49. Bg6 Kf6 50. Be4 Ke6 51. Bb1 Kf6 52. Ke3 Ke6 53. Ke4 Kf6 54. f5 a6 55. bxa6 Nxa6 56. Kd5 Nb4+ 57. Kd6 Na6 58. Kc6 Nb8+ 59. Kxb6 Nd7+ 60. Kb5 Ke5 61. a5 Kd6 62. Ka6 Kc6 63. Be4+ Kc7 64. Kb5 Kd6 65. a6 Kc7 66. a7 Nb6 67. a8=Q 1-0

[Event "FIDE Women World Blitz 2021"]
[Site "Warsaw"]
[Date "2021.12.29"]
[Round "8.39"]
[White "Doluhanova, Evgeniya"]
[Black "Bartel, Marta"]
[Result "1-0"]
[ECO "A11"]
[WhiteElo "2237"]
[BlackElo "2192"]
[Annotator "NA"]
[PlyCount "91"]
[EventDate "2021.12.29"]
[EventType "swiss"]
[EventCountry "POL"]
[Tiebreak "Cut1 Buchholz"]
[SourceTitle "playchess.com"]
[Source "ChessBase"]
[SourceQuality "1"]
[TimeControl "180+2"]

1. Nf3 Nf6 2. b3 g6 3. Bb2 Bg7 4. e3 d5 5. c4 c6 6. Nc3 O-O 7. Be2 Nbd7 8. d4 a5 9. O-O dxc4 10. bxc4 Qc7 11. Ba3 Re8 12. Rb1 e5 13. d5 e4 14. Nd4 Ne5 15. d6 Qd8 16. Na4 Nfd7 17. h3 f5 18.
f4 exf3 19. Nxf3 Nxf3+ 20. Rxf3 Ne5 21. Rf1 Nd7 22. c5 Rxe3 23. Bc4+ Kh8 24. Bc1 Re4 25. Bd3 Re8 26. Bb2 Bxb2 27. Rxb2 Qf6 28. Re2 Rxe2 29. Qxe2 Ne5 30. Re1 Nxd3 31. Qxd3 Be6 32. Nb6 Rd8 33. Qe3 Bf7 34. d7 Bxa2 35. Qe8+ Kg7 36. Re7+ Kh6 37. Qxd8 Qd4+ 38. Kh1 Qd1+ 39. Kh2 Qd4 40. Qf8+ Kg5 41. Re1 Qf4+ 42. Kh1 Bd5 43. Qe7+ Kh5 44. Qe2+ Kh6 45. Qe3 Qxe3 46. Rxe3 1-0

[Event "FIDE Women World Blitz 2021"]
[Site "Warsaw"]
[Date "2021.12.29"]
[Round "9.1"]
[White "Kamalidenova, Meruert"]
[Black "Assaubayeva, Bibisara"]
[Result "0-1"]
[ECO "C60"]
[WhiteElo "2339"]
[BlackElo "2400"]
[Annotator "NA"]
[PlyCount "58"]
[EventDate "2021.12.29"]
[EventType "swiss"]
[EventCountry "POL"]
[Tiebreak "Cut1 Buchholz"]
[SourceTitle "playchess.com"]
[Source "ChessBase"]
[SourceQuality "1"]
[TimeControl "180+2"]

1. e4 e5 2. Nf3 Nc6 3. Bb5 a6 4. Ba4 d6 5. c3 Bd7 6. O-O g6 7. d4 Bg7 8. h3 Nf6 9. Bc2 O-O 10. Re1 Qe8 11. Nbd2 Nh5 12. Nf1 Rd8 13. Be3 Kh8 14. Qd2 f5 15. exf5 gxf5 16. dxe5 dxe5 17. Bc5 Rg8 18. Qe3 e4 19. N3d2 Qg6 20. Nxe4 b6 21. Ba3 Bh6 22. Ng5 Bxg5 23. Qf3 Bf6 24. g3 Ne5 25. Qe3 Bc6 26. Bd1 Rxd1 27. Rexd1 Nf3+ 28. Kh1 f4 29. Qe6 Nd4+ 0-1

[Event "FIDE Women World Blitz 2021"]
[Site "Warsaw"]
[Date "2021.12.29"]
[Round "9.1"]
[White "Kubicka, Anna"]
[Black "Gil Quilez, Sonia"]
[Result "1-0"]
[ECO "B12"]
[WhiteElo "2273"]
[BlackElo "2122"]
[Annotator "NA"]
[PlyCount "53"]
[EventDate "2021.12.29"]
[EventType "swiss"]
[EventCountry "POL"]
[Tiebreak "Cut1 Buchholz"]
[SourceTitle "playchess.com"]
[Source "ChessBase"]
[SourceQuality "1"]
[TimeControl "180+2"]

1. e4 c6 2. d4 d5 3. e5 c5 4. dxc5 Nc6 5. Nf3 Bg4 6. Bb5 e6 7. Be3 Qc7 8. O-O Nge7 9. c3 a6 10. Bxc6+ Nxc6 11. Bd4 a5 12. Nbd2 Be7 13. h3 Bh5 14. Re1 O-O 15. Nf1 a4 16. g4 Bg6 17. Ng3 h6 18. h4 Na5 19. g5 Bxc5 20.
gxh6 gxh6 21. h5 Bh7 22. Qd2 Kg7 23. Qf4 Nc4 24. Qf6+ Kg8 25.
Qxh6 Be7 26. Ng5 Kh8 27. Qxh7# 1-0

[Event "FIDE Women World Blitz 2021"]
[Site "Warsaw"]
[Date "2021.12.29"]
[Round "9.2"]
[White "Shuvalova, Polina"]
[Black "Vaishali R"]
[Result "0-1"]
[ECO "B30"]
[WhiteElo "2515"]
[BlackElo "2405"]
[Annotator "ChessBase"]
[PlyCount "58"]
[EventDate "2021.12.29"]
[EventType "swiss"]
[EventCountry "POL"]
[Tiebreak "Cut1 Buchholz"]
[SourceTitle "playchess.com"]
[Source "ChessBase"]
[SourceQuality "1"]
[TimeControl "180+2"]

1. e4 c5 2. Nf3 Nc6 3. Bb5 e6 4. Bxc6 bxc6 5. d3 Ne7 6. h4 h5 7. b3 d6 8. e5 Nf5 9. Bb2 f6 10. exd6 Bxd6 11. Nbd2 e5 12. Qe2 Be6 13. Ne4 Be7 14. g3 Nd4 15. Nxd4 cxd4 16. Bc1 Bd5 17. f3 Qd7 18. Bd2 c5 19. a4 Qc6 20. Rf1 a6 21. f4 f5 22. Ng5 e4 23.
dxe4 fxe4 24. O-O-O c4 25. Nxe4 cxb3 26. c4 Ba3+ 27. Kb1 Bxe4+ 28. Ka1 O-O 29. Bc1 Qxa4 0-1

[Event "FIDE Women World Blitz 2021"]
[Site "Warsaw"]
[Date "2021.12.29"]
[Round "9.2"]
[White "Yakimova, Mariya"]
[Black "Jakubowska, Anna"]
[Result "1-0"]
[ECO "E04"]
[WhiteElo "2219"]
[BlackElo "2106"]
[Annotator "NA"]
[PlyCount "121"]
[EventDate "2021.12.29"]
[EventType "swiss"]
[EventCountry "POL"]
[Tiebreak "Cut1 Buchholz"]
[SourceTitle "playchess.com"]
[Source "ChessBase"]
[SourceQuality "1"]
[TimeControl "180+2"]

1. d4 d5 2. c4 c6 3. Nf3 Nf6 4. Nc3 e6 5. g3 dxc4 6. Bg2 b5 7. O-O Bb7 8. e4 Be7 9. e5 Nd5 10. Ne4 O-O 11. Bg5 f6 12. exf6 gxf6 13. Bh6 Re8 14. Re1 Nd7 15. Bh3 Nf8 16. Qc2 Nb4 17. Qe2 Nd3 18. Red1 Qd5 19. Bg2 Qh5 20. Be3 Ng6 21. b3 c5 22. Nxc5 Nxc5 23. dxc5 Bxc5 24. bxc4 Ne5 25. Nd4 Qxe2 26. Nxe2 Bxg2 27. Bxc5 Bf3 28. Re1 Nd3 29. Nd4 Nxe1 30. Rxe1 Bg4 31. cxb5 e5 32. Nc6 a6 33. b6 Bc8 34. Rd1 Bb7 35. Ne7+ Kh8 36. Rd7 Bf3 37. h4 Rad8 38. Rxd8 Rxd8 39. g4 Rd1+ 40. Kh2 Rc1 41. Be3 Kg7 42. Bxc1 Kf7 43. Nf5 Ke6 44. Be3 Kd7 45. Kg3 Bd5 46. g5 fxg5
47. hxg5 Bxa2 48. Nh4 a5 49. Nf3 e4 50. Nd4 a4 51. Nb5 Kc6 52.
Nc3 Bb3 53. Nxe4 a3 54. Nf6 a2 55. Bd4 Bc2 56. f4 Bb1 57.
Kh4 Kb7 58. Kh5 Kc6 59. Kh6 Kb7 60. Nxh7 Kc6 61. Nf6 1-0

[Event "FIDE Women World Blitz 2021"]
[Site "Warsaw"]
[Date "2021.12.29"]
[Round "9.3"]
[White "Koneru, Humpy"]
[Black "Goryachkina, Aleksandra"]
[Result "1-0"]
[ECO "E14"]
[WhiteElo "2586"]
[BlackElo "2604"]
[Annotator "ChessBase"]
[PlyCount "59"]
[EventDate "2021.12.29"]
[EventType "swiss"]
[EventCountry "POL"]
[Tiebreak "Cut1 Buchholz"]
[SourceTitle "playchess.com"]
[Source "ChessBase"]
[SourceQuality "1"]
[TimeControl "180+2"]

1. d4 Nf6 2. c4 e6 3. Nf3 d5 4. e3 b6 5. b3 Bd6 6. Bd3 O-O 7. O-O Bb7 8. Bb2 Nbd7 9. Nbd2 Ne4 10. Qe2 f5 11. Rfd1 Qf6 12. Rac1 g5 13. cxd5 exd5 14. Ba6 Bxa6 15. Qxa6 g4 16. Ne5 Nxe5 17. dxe5 Bxe5 18. Bxe5 Qxe5 19. Nxe4 dxe4 20. Qc4+ Kh8 21. Qxc7 Qxc7 22. Rxc7 Rfd8 23.
Rxd8+ Rxd8 24. g3 a5 25. Rc6 Rd1+ 26. Kg2 Kg7 27. Rxb6 Rd2 28. a4 Rb2 29. Kf1 h5 30. Kg2 1-0

[Event "FIDE Women World Blitz 2021"]
[Site "Warsaw"]
[Date "2021.12.29"]
[Round "9.3"]
[White "Nur-Mukhametova, Alisa"]
[Black "Smirnova, Ekaterina"]
[Result "0-1"]
[ECO "A11"]
[WhiteElo "2225"]
[BlackElo "2196"]
[Annotator "NA"]
[PlyCount "118"]
[EventDate "2021.12.29"]
[EventType "swiss"]
[EventCountry "POL"]
[Tiebreak "Cut1 Buchholz"]
[SourceTitle "playchess.com"]
[Source "ChessBase"]
[SourceQuality "1"]
[TimeControl "180+2"]

1. Nf3 Nf6 2. g3 d5 3. c4 c6 4. Qc2 Bg4 5. Bg2 e6 6. O-O Nbd7 7. b3 Be7 8. Bb2 O-O 9. d3 h6 10. Nbd2 a5 11. a3 Qc7 12. e4 dxe4 13.
dxe4 e5 14. Nh4 Rfe8 15. Nf5 Bf8 16. Rfe1 Rad8 17. Bc3 Nc5 18. Ne3 Bh5 19. Bf1 Bg6 20. f3 b6 21. b4 axb4 22. axb4 Ne6 23. Nb3 Nd4 24. Bxd4 exd4 25. Nf5 Bxb4 26. Red1 c5 27. Nh4 Bh7 28. Ng2 Ra8 29. Nf4 Qb7 30. Bd3 Rxa1 31. Rxa1 Ra8 32. Rd1 Qa7 33. e5 Bxd3 34. Nxd3 Nd7 35. Nxb4 cxb4 36. f4 Nc5 37. Nxd4 Qa3 38. Rb1 Qe3+ 39. Qf2 Qd3 40. Rb2 Ra1+ 41. Kg2 Qe4+ 42. Nf3 Nd3 43. Qe2 Qxc4 44. Rc2 Qd5 45. Kh3 Ra8 46. Nd2 Rd8 47. Ne4 Qe6+ 48. Kg2 b3 49. Rd2 b2 50. Rxb2 Nxb2 51. Qxb2 Qc6 52. Qe2 Rd4 53. Kf3 b5 54. Qe3 Qd5 55. Qe1 b4 56. f5 b3 57. Kf4 Qxe4+ 58.
Qxe4 Rxe4+ 59. Kxe4 b2 0-1

[Event "FIDE Women World Blitz 2021"]
[Site "Warsaw"]
[Date "2021.12.29"]
[Round "9.4"]
[White "Maltsevskaya, Aleksandra"]
[Black "Kosteniuk, Alexandra"]
[Result "0-1"]
[ECO "B11"]
[WhiteElo "2411"]
[BlackElo "2518"]
[Annotator "ChessBase"]
[PlyCount "96"]
[EventDate "2021.12.29"]
[EventType "swiss"]
[EventCountry "POL"]
[Tiebreak "Cut1 Buchholz"]
[SourceTitle "playchess.com"]
[Source "ChessBase"]
[SourceQuality "1"]
[TimeControl "180+2"]

1. e4 c6 2. Nc3 d5 3. Nf3 dxe4 4. Nxe4 Nf6 5. Qe2 Nxe4 6. Qxe4 Nd7 7. Bc4 Nf6 8. Ne5 e6 9. Qe2 b5 10. Bb3 Qc7 11. d4 Bd6 12. c3 O-O 13.
O-O a5 14. Re1 c5 15. Bg5 Nd5 16. Bc2 f5 17. Rad1 c4 18. a4 Bxe5 19. dxe5 b4 20. Rd4 bxc3 21. bxc3 Ba6 22. Qf3 Bb7 23. Qh3 Rf7 24. Rh4 g6 25. Rd4 Qc6 26. Qg3 Rc8 27. h4 h5 28. Bh6 Kh7 29. Bg5 Rcc7 30.
Bc1 Rg7 31. Qg5 Rcd7 32. Qg3 Nxc3 33. Rxd7 Rxd7 34. f3 Nd5 35. Qg5 Rg7 36. Rd1 Qb6+ 37. Kh2 Qc7 38. Qh6+ Kg8 39. Re1 c3 40. Qg5 Nb4 41. Bb3 Bd5 42. Bxd5 Nxd5 43. Rd1 Qxe5+ 44. Kh1 Qe2 45. Rg1 c2 46. Qd8+ Kh7 47. Bb2 Qc4 48. Qf8 Qxh4# 0-1

[Event "FIDE Women World Blitz 2021"]
[Site "Warsaw"]
[Date "2021.12.29"]
[Round "9.4"]
[White "Jarocka, Liwia"]
[Black "Kazarian, Anna-Maja"]
[Result "1-0"]
[ECO "C06"]
[WhiteElo "1851"]
[BlackElo "2138"]
[Annotator "NA"]
[PlyCount "163"]
[EventDate "2021.12.29"]
[EventType "swiss"]
[EventCountry "POL"]
[Tiebreak "Cut1 Buchholz"]
[SourceTitle "playchess.com"]
[Source "ChessBase"]
[SourceQuality "1"]
[TimeControl "180+2"]

1. e4 e6 2. d4 d5 3. Nd2 Nf6 4. e5 Nfd7 5. Bd3 c5 6. c3 Nc6 7. Ne2 cxd4 8. cxd4 f6 9. exf6 Qxf6 10. Nf3 h6 11. O-O Bd6 12. Be3 O-O 13.
Rc1 Rd8 14. Bb1 Nf8 15. Ng3 Bd7 16. a3 Be8 17. b4 a6 18.
Re1 g5 19. h3 Bg6 20. Qd2 Rac8 21. Nxg5 Bxg3 22. fxg3 hxg5 23.
Rxc6 bxc6 24. Bxg5 Qg7 25. Bxd8 Rxd8 26. Bxg6 Qxg6 27. g4 Nh7 28. Re5 Rf8 29. Qe3 Kf7 30. Qc3 Ng5 31. Qxc6 Kg8 32. h4 Ne4 33. Qxe6+ Qxe6 34. Rxe6 Rf4 35. Rxa6 Rxg4 36. b5 Rxh4 37. b6 Nd6 38. Ra5 Rxd4 39. Rc5 Rd1+ 40. Kh2 d4 41. Rc6 Nb7 42. Rc7 Na5 43. b7 Nxb7 44. Rxb7 Rd3 45. Rd7 Rxa3 46. Rxd4 Kg7 47. Rd6 Rb3 48. g3 Rc3 49. Kh3 Rb3 50. Kh4 Ra3 51. g4 Ra1 52. Kh5 Ra2 53.
Rd7+ Kf6 54. g5+ Ke6 55. Rd1 Kf7 56. Rd7+ Ke6 57. Rb7 Kf5 58. Rb5+ Ke6 59. Kg6 Ra7 60. Rb6+ Ke5 61. Kh6 Kf5 62. g6 Ra2 63. Rb5+ Kf6 64. Rb6+ Kf5 65. Kh7 Rh2+ 66. Kg7 Rg2 67. Rb5+ Ke6 68. Kh7 Kf6 69. Rb6+ Ke7 70. g7 Rh2+ 71. Kg8 Rh1 72. Rb4 Ra1 73. Rf4 Rh1 74. Rf3 Rh2 75. Re3+ Kd7 76. Re4 Kd6 77. Kf7 Rf2+ 78. Kg6 Rg2+ 79. Kf6 Kd5 80. Re5+ Kd6 81. Rg5 Rf2+ 82. Kg6 1-0

[Event "FIDE Women World Blitz 2021"]
[Site "Warsaw"]
[Date "2021.12.29"]
[Round "9.5"]
[White "Abdumalik, Zhansaya"]
[Black "Socko, Monika"]
[Result "1-0"]
[ECO "C11"]
[WhiteElo "2507"]
[BlackElo "2393"]
[Annotator "ChessBase"]
[PlyCount "93"]
[EventDate "2021.12.29"]
[EventType "swiss"]
[EventCountry "POL"]
[Tiebreak "Cut1 Buchholz"]
[SourceTitle "playchess.com"]
[Source "ChessBase"]
[SourceQuality "1"]
[TimeControl "180+2"]

1. e4 e6 2. d4 d5 3. Nc3 Nf6 4. e5 Nfd7 5. f4 c5 6. Nf3 a6 7. Be3 Qb6 8. Na4 Qa5+ 9. c3 cxd4 10. b4 Qc7 11. Bxd4 b5 12. Nb2 Nc6 13.
Be3 a5 14. a3 Ba6 15. Be2 Be7 16. O-O O-O 17. Nd4 Nxd4 18. Bxd4 g6 19. Nd3 Nb6 20. Nc5 Nc4 21. Qd3 Bc8 22. Qh3 Bd7 23. Qh6 Rfc8 24. Rf3 Bf8 25. Qh4 axb4 26. cxb4 Be8 27. Rh3 h6 28. Qg4 Bg7 29. Rc3 Qe7 30. h4 Rc7 31. Qh3 Rca7 32. h5 g5 33. Nd3 Rxa3 34. Rcxa3 Rxa3 35. Rxa3 Nxa3 36. Bc5 Qd8 37. f5 Bd7 38. f6 Bf8 39. Nf2 Nc4 40.
Ng4 d4 41. Bd3 Bc6 42. Qg3 Nb2 43. Bxf8 Qxf8 44. Bb1 Nc4 45. Qd3 Be4 46. Qxe4 d3 47. Qxd3 1-0

[Event "FIDE Women World Blitz 2021"]
[Site "Warsaw"]
[Date "2021.12.29"]
[Round "9.5"]
[White "Nurgali, Nazerke"]
[Black "Kucharska, Honorata"]
[Result "0-1"]
[ECO "D55"]
[WhiteElo "2267"]
[BlackElo "2168"]
[Annotator "NA"]
[PlyCount "72"]
[EventDate "2021.12.29"]
[EventType "swiss"]
[EventCountry "POL"]
[Tiebreak "Cut1 Buchholz"]
[SourceTitle "playchess.com"]
[Source "ChessBase"]
[SourceQuality "1"]
[TimeControl "180+2"]

1. d4 d5 2. Nf3 Nf6 3. c4 e6 4. Nc3 Be7 5. Bg5 O-O 6. e3 Nbd7 7. Bd3 b6 8. O-O Bb7 9. Rc1 c5 10. cxd5 exd5 11. Bf5 c4 12. a4 h6 13. Bh4 Ne8 14. Bg3 Bd6 15. Ne5 Nxe5 16. dxe5 Bb4 17. Ne2 g6 18. Bh3 Ng7 19. Nd4 Re8 20. f4 Bc5 21. f5 Bxd4 22. Qxd4 gxf5 23. Bxf5 Qg5 24. Bd7 Ne6 25. Bxe6 Rxe6 26. Rf4 Rg6 27. Rcf1 Rf8 28. e6 f5 29. Qe5 Qe7 30. Rxf5 Rxf5 31. Qxf5 Rxe6 32. Bf4 Qf6 33. Qg4+ Qg6 34. Qh3 Kh7 35. Qh4 d4 36. Qd8 Qxg2# 0-1

[Event "FIDE Women World Blitz 2021"]
[Site "Warsaw"]
[Date "2021.12.29"]
[Round "9.6"]
[White "Stefanova, Antoaneta"]
[Black "Bivol, Alina"]
[Result "1-0"]
[ECO "A05"]
[WhiteElo "2475"]
[BlackElo "2377"]
[Annotator "ChessBase"]
[PlyCount "77"]
[EventDate "2021.12.29"]
[EventType "swiss"]
[EventCountry "POL"]
[Tiebreak "Cut1 Buchholz"]
[SourceTitle "playchess.com"]
[Source "ChessBase"]
[SourceQuality "1"]
[TimeControl "180+2"]

1. Nf3 Nf6 2. g3 b6 3. Bg2 Bb7 4. O-O g6 5. d3 Bg7 6. e4 d6 7. h3 O-O 8. Nbd2 Nbd7 9. Qe2 c5 10. c3 Qc7 11. a4 a6 12. Nh4 e5 13. f4 exf4 14. gxf4 b5 15. Qf2 Rfe8 16. Re1 Nh5 17. Nf1 b4 18. Bd2 bxc3 19. Bxc3 d5 20. Bxg7 Nxg7 21. e5 d4 22. Ng3 Bxg2 23. Qxg2 Rab8 24. Ne4 Re6 25. Re2 Kh8 26. Rc1 Qa5 27. Rc4 Rb3 28. Ng5 Re7 29. Qd5 Ne6 30. Nxf7+ Kg7 31. f5 gxf5 32. Nxf5+ Kxf7 33. Nxe7 Kxe7 34. Qd6+ Kd8 35. Qxe6 Rxd3 36. Qg8+ Kc7 37. e6 Ne5 38. Qg7+ Kc6 39. Qxe5 1-0

[Event "FIDE Women World Blitz 2021"]
[Site "Warsaw"]
[Date "2021.12.29"]
[Round "9.6"]
[White "Dylag, Emilia"]
[Black "Movsesian, Julia"]
[Result "1-0"]
[ECO "D36"]
[WhiteElo "1863"]
[BlackElo "2322"]
[Annotator "NA"]
[PlyCount "57"]
[EventDate "2021.12.29"]
[EventType "swiss"]
[EventCountry "POL"]
[Tiebreak "Cut1 Buchholz"]
[SourceTitle "playchess.com"]
[Source "ChessBase"]
[SourceQuality "1"]
[TimeControl "180+2"]

1. d4 Nf6 2. c4 e6 3. Nc3 d5 4. cxd5 exd5 5. Bg5 Be7 6. e3 c6 7. Bd3 Nbd7 8. Qc2 h6 9. Bh4 Nh5 10. Bxe7 Qxe7 11. Nge2 Nf8 12. O-O-O Be6 13. Kb1 O-O-O 14. Rc1 Kb8 15. Na4 Nd7 16. Qb3 Ka8 17. Rc2 Qd6 18. h3 Rhe8 19. Rhc1 f5 20. Nc5 Nxc5 21. dxc5 Qd7 22. Nd4 Rf8 23. Qa4 f4 24. Rc3 Rf7 25. Ra3 a6 26. Bxa6 Kb8 27. Rb3 Bf5+ 28. Ka1 Rc8 29. Rxb7+ 1-0

[Event "FIDE Women World Blitz 2021"]
[Site "Warsaw"]
[Date "2021.12.29"]
[Round "9.7"]
[White "Gunina, Valentina"]
[Black "Majdan, Joanna"]
[Result "1-0"]
[ECO "A70"]
[WhiteElo "2480"]
[BlackElo "2325"]
[Annotator "ChessBase"]
[PlyCount "61"]
[EventDate "2021.12.29"]
[EventType "swiss"]
[EventCountry "POL"]
[Tiebreak "Cut1 Buchholz"]
[SourceTitle "playchess.com"]
[Source "ChessBase"]
[SourceQuality "1"]
[TimeControl "180+2"]

1. d4 c5 2. d5 e6 3. c4 exd5 4. cxd5 d6 5. Nf3 Nf6 6. Nc3 a6 7. a4 g6 8. e4 Bg7 9. Bd3 O-O 10. O-O Re8 11. Re1 Nh5 12. Bg5 Bf6 13.
Bxf6 Qxf6 14. e5 dxe5 15. Ne4 Qd8 16. Bc4 b6 17. d6 Be6 18.
Bxe6 Rxe6 19. Nfg5 Re8 20. Nxf7 Kxf7 21. Qd5+ Kg7 22. Qxa8 Nf6 23. Nxf6 Kxf6 24. Rad1 Qd7 25. Qd5 Nc6 26. f4 Nd4 27. fxe5+ Kg7 28. Rxd4 cxd4 29. e6 Qxa4 30. d7 Qb4 31. Qe5+ 1-0

[Event "FIDE Women World Blitz 2021"]
[Site "Warsaw"]
[Date "2021.12.29"]
[Round "9.7"]
[White "Kolaric, Spela"]
[Black "Parol, Pola"]
[Result "0-1"]
[ECO "B22"]
[WhiteElo "2178"]
[BlackElo "1823"]
[Annotator "NA"]
[PlyCount "60"]
[EventDate "2021.12.29"]
[EventType "swiss"]
[EventCountry "POL"]
[Tiebreak "Cut1 Buchholz"]
[SourceTitle "playchess.com"]
[Source "ChessBase"]
[SourceQuality "1"]
[TimeControl "180+2"]

1. e4 c5 2. c3 d5 3. exd5 Qxd5 4. d4 Nc6 5. Nf3 Bf5 6. Be3 Nf6 7. Na3 e6 8. dxc5 Qxd1+ 9. Rxd1 Ng4 10. Nb5 Rc8 11. b4 Nxe3 12. fxe3 a5 13.
a3 Be7 14. Nd6+ Bxd6 15. Rxd6 axb4 16. axb4 Ke7 17. Bb5 Rhd8 18. Rxd8 Rxd8 19. Ke2 Ra8 20. Rd1 Ra3 21. Rc1 Ra2+ 22. Kf1 Be4 23. Be2 h6 24. Ke1 g5 25. g3 Bxf3 26. Bxf3 Ne5 27. Be4 f5 28. Bb1 Rxh2 29. b5 Nf3+ 30. Kd1 Rd2# 0-1

[Event "FIDE Women World Blitz 2021"]
[Site "Warsaw"]
[Date "2021.12.29"]
[Round "9.8"]
[White "Zhukova, Natalia"]
[Black "Paehtz, Elisabeth"]
[Result "1/2-1/2"]
[ECO "E76"]
[WhiteElo "2331"]
[BlackElo "2485"]
[Annotator "ChessBase"]
[PlyCount "107"]
[EventDate "2021.12.29"]
[EventType "swiss"]
[EventCountry "POL"]
[Tiebreak "Cut1 Buchholz"]
[SourceTitle "playchess.com"]
[Source "ChessBase"]
[SourceQuality "1"]
[TimeControl "180+2"]

1. c4 Nf6 2. Nc3 g6 3. e4 d6 4. d4 Bg7 5. f4 c5 6. d5 Bg4 7. Nf3 O-O 8. Be2 Na6 9. O-O Nc7 10. a4 Nd7 11. Be3 Rb8 12. Qd2 a6 13.
h3 Bxf3 14. Rxf3 b6 15. Kh1 Qc8 16. Rff1 Qb7 17. Ra3 Rbd8 18. Rb3 Qc8 19. Bg4 f5 20. exf5 gxf5 21. Be2 Ne8 22. Bd3 Bf6 23. Bxf5 Ng7 24. Bg4 Qc7 25. Ne4 Kh8 26. Qc2 Bd4 27. Bxd4 cxd4 28. Bxd7 Qxd7 29. Ng5 Qf5 30. Qd2 h6 31. Ne6 Nxe6 32. dxe6 Qc5 33. f5 Rf6 34. Rg3 Rg8 35. Rxg8+ Kxg8 36. Qd3 Qe5 37. b3 a5 38. g4 Kg7 39. Rd1 Qf4 40. Qxd4 Qf3+ 41. Kh2 Qe2+ 42. Kg3 Qc2 43. Rd3 Qe2 44. h4 Qe1+ 45. Kh3 Qf1+ 46. Kh2 Qe2+ 47. Kg3 Qe1+ 48. Kh3 Qf1+ 49. Kh2 Qe2+ 50. Kg1 Qe1+ 51. Kg2 Qe2+ 52. Kg3 Qe1+ 53. Qf2 Qe5+ 54. Kh3 1/2-1/2

[Event "FIDE Women World Blitz 2021"]
[Site "Warsaw"]
[Date "2021.12.29"]
[Round "9.8"]
[White "Smietanska, Wiktoria"]
[Black "Malicka, Maria"]
[Result "1/2-1/2"]
[ECO "D42"]
[WhiteElo "1765"]
[BlackElo "2307"]
[Annotator "NA"]
[PlyCount "104"]
[EventDate "2021.12.29"]
[EventType "swiss"]
[EventCountry "POL"]
[Tiebreak "Cut1 Buchholz"]
[SourceTitle "playchess.com"]
[Source "ChessBase"]
[SourceQuality "1"]
[TimeControl "180+2"]

1. c4 Nf6 2. Nc3 c5 3. Nf3 d5 4. cxd5 Nxd5 5. d4 Nxc3 6.
bxc3 e6 7. e3 Be7 8. Bd3 O-O 9. O-O Nc6 10. Rb1 b6 11. Bc2 Ba6 12. Re1 Rc8 13. Bd3 Bxd3 14. Qxd3 Qc7 15. Rd1 Rfd8 16. Qb5 e5 17. d5 e4 18. Ne1 Ne5 19. c4 Bd6 20. Bb2 Ng4 21. h3 Ne5 22. Qb3 Qe7 23.
Qc3 Qg5 24. Kf1 f6 25. a4 Ng6 26. a5 Be5 27. Qd2 Rb8 28. Bxe5 Qxe5 29. Kg1 Qd6 30. axb6 axb6 31. Rb5 Ne5 32. Qc2 f5 33. Rdb1 Rb7 34. Qa4 g5 35. Qa6 Rdb8 36. Qa4 h5 37. Qc2 Ra7 38. Qb3 Rab7 39. Qc2 Ra7 40. Qb3 Ra6 41. Qc3 Ra4 42. Qb3 Ra6 43. Qc2 g4 44. h4 Ng6 45. g3 Ne5 46. Kg2 Nf3 47. Kf1 Nh2+ 48. Kg2 Nf3 49. Kf1 Nh2+ 50. Kg2 Nf3 51. Kf1 Nh2+ 52. Kg2 Nf3 1/2-1/2

[Event "FIDE Women World Blitz 2021"]
[Site "Warsaw"]
[Date "2021.12.29"]
[Round "9.9"]
[White "Kulon, Klaudia"]
[Black "Muzychuk, Anna"]
[Result "0-1"]
[ECO "A86"]
[WhiteElo "2328"]
[BlackElo "2533"]
[Annotator "ChessBase"]
[PlyCount "90"]
[EventDate "2021.12.29"]
[EventType "swiss"]
[EventCountry "POL"]
[Tiebreak "Cut1 Buchholz"]
[SourceTitle "playchess.com"]
[Source "ChessBase"]
[SourceQuality "1"]
[TimeControl "180+2"]

1. d4 f5 2. g3 Nf6 3. Bg2 g6 4. c4 Bg7 5. Nc3 O-O 6. e3 d6 7. Nge2 e5 8.
dxe5 dxe5 9. O-O c6 10. b3 Qe7 11. a4 Rd8 12. Qc2 Na6 13.
Ba3 Nb4 14. Na2 Nxc2 15. Bxe7 Rd2 16. Rad1 Rxe2 17. Nc3 Nxe3 18. Nxe2 Nxd1 19. Rxd1 Kf7 20. Bd6 Ne8 21. Ba3 a5 22. Bc5 Be6 23. Nc3 Nc7 24. Bb6 Na6 25. Nb1 Nb4 26. Rd8 Rxd8 27. Bxd8 Nc2 28. Bxa5 Nd4 29. Nd2 Bh6 30. Nf3 Nxb3 31. Nxe5+ Ke7 32. Bb4+ Kf6 33. Bc3 Ke7 34. Bb4+ Kf6 35. Bc3 Bd2 36. Bb2 Ke7 37. Kf1 Bb4 38. Ke2 Kd6 39. f4 Nc5 40. Nd3 Bxc4 41. Be5+ Ke6 42. Ke3 Bxd3 43. Kd4 Be4 44. Bf1 Nxa4 45. Bc4+ Bd5 0-1

[Event "FIDE Women World Blitz 2021"]
[Site "Warsaw"]
[Date "2021.12.29"]
[Round "9.9"]
[White "Goraj, Barbara"]
[Black "Katkov, Michelle"]
[Result "1-0"]
[ECO "C68"]
[WhiteElo "1902"]
[BlackElo "1651"]
[Annotator "NA"]
[PlyCount "73"]
[EventDate "2021.12.29"]
[EventType "swiss"]
[EventCountry "POL"]
[Tiebreak "Cut1 Buchholz"]
[SourceTitle "playchess.com"]
[Source "ChessBase"]
[SourceQuality "1"]
[TimeControl "180+2"]

1. e4 e5 2. Nf3 Nc6 3. Bb5 a6 4. Bxc6 dxc6 5. O-O Qd6 6.
d4 exd4 7. Nxd4 Bd7 8. Be3 O-O-O 9. Nc3 Nh6 10. h3 Qg6 11.
Qf3 f5 12. e5 c5 13. Nde2 Bc6 14. Qg3 Qxg3 15. Nxg3 g6 16. f4 Bg7 17. Bxc5 Rd2 18. Rf2 Rhd8 19. Be3 R2d7 20. Nge2 b5 21. a3 Be4 22. Nxe4 fxe4 23. g4 Rd1+ 24. Rxd1 Rxd1+ 25. Rf1 Rd8 26. Nc3 Nf7 27. Nxe4 Bf8 28. Kf2 Kb7 29. Ke2 Be7 30. Rd1 Rxd1 31. Kxd1 Nd8 32. f5 gxf5 33. gxf5 Nf7 34. f6 Bd8 35. e6 Bxf6 36. Nxf6 Nd6 37. e7 1-0

[Event "FIDE Women World Blitz 2021"]
[Site "Warsaw"]
[Date "2021.12.29"]
[Round "9.10"]
[White "Bodnaruk, Anastasia"]
[Black "Mamedjarova, Turkan"]
[Result "1-0"]
[ECO "C88"]
[WhiteElo "2396"]
[BlackElo "2264"]
[Annotator "NA"]
[PlyCount "59"]
[EventDate "2021.12.29"]
[EventType "swiss"]
[EventCountry "POL"]
[Tiebreak "Cut1 Buchholz"]
[SourceTitle "playchess.com"]
[Source "ChessBase"]
[SourceQuality "1"]
[TimeControl "180+2"]

1. e4 e5 2. Nf3 Nc6 3. Bb5 a6 4. Ba4 Nf6 5. O-O Be7 6. Re1 b5 7. Bb3 O-O 8. a4 Bb7 9. d3 d6 10. c3 Nb8 11. Nbd2 Nbd7 12. d4 c5 13.
d5 c4 14. Bc2 Nc5 15. a5 Re8 16. Nf1 g6 17. h3 Nh5 18. g4 Nf6 19. Ng3 Bc8 20. Bh6 Bf8 21. Qd2 Bg7 22. Nh2 Kh8 23. Rf1 Ng8 24. Bxg7+ Kxg7 25. f4 exf4 26. Rxf4 Ra7 27. Raf1 Qxa5 28. Nf3 Rae7 29. Nd4 Qb6 30. h4 1-0